[ AOE2 MATCH · #469220545 ]
UnrankedSlavs vs Mongols
Player's team · LOSS
Rival team · WIN
[ REPLAY ANALYSIS · EXTRACTED FROM THE RECORDED GAME ]
Feudal
8:55
Castle
21:01
Imperial
—
| APM avg | 35.4 |
| APM peak | 84 |
| eAPM avg | 15.9 |
| Villagers / military | 78 / 54 |
Focus
⚔️ 37.2% · 🌾 62.8%
Scout Cavalry ×29 · Scorpion ×23 · Spearman ×2
Feudal
8:46
Castle
19:06
Imperial
—
| APM avg | 58.3 |
| APM peak | 85 |
| eAPM avg | 23.4 |
| Villagers / military | 100 / 40 |
Focus
⚔️ 36.4% · 🌾 63.6%
Cavalry Archer ×16 · Mangonel ×6 · Mangudai ×4 · Spearman ×4 · Scout Cavalry ×3 · Monk ×2
Match map
Initial resources + every placement click. Lines = walls · curves = elevation contours. ◆ gold · ⬟ stone · ● berries · ✦ relic · ◌ wall gap
Your base· ✓ Closed at 21:01 · 45t walls · 2 gate(s)
Silence's base· Open — 6t gap
Smoothed initial terrain · ◌ = detected wall gap · hover for details
Inputs per minute
— HellHammer - - Silence
Build order — HellHammer
First 150 of 207 actions detected
| 0:00 | Create | Villager (Male) |
| 0:01 | Create | Villager (Male) |
| 0:02 | Build | House |
| 0:04 | Build | House |
| 0:14 | Create | Villager (Male) |
| 0:14 | Create | Villager (Male) |
| 1:30 | Create | Villager (Male) |
| 1:30 | Create | Villager (Male) |
| 1:46 | Build | Lumber Camp |
| 1:49 | Create | Villager (Male) |
| 1:49 | Create | Villager (Male) |
| 2:21 | Create | Villager (Male) |
| 2:51 | Create | Villager (Male) |
| 2:58 | Build | House |
| 3:04 | Create | Villager (Male) |
| 3:39 | Create | Villager (Male) |
| 4:13 | Create | Villager (Male) |
| 4:23 | Create | Villager (Male) |
| 4:37 | Build | Mill |
| 4:57 | Create | Villager (Male) |
| 5:10 | Create | Villager (Male) |
| 5:14 | Create | Villager (Male) |
| 5:45 | Research | Loom |
| 6:45 | Research | Feudal Age |
| 7:37 | Build | Barracks |
| 8:04 | Build | House |
| 8:50 | Create | Villager (Male) |
| 8:50 | Create | Villager (Male) |
| 8:55 | Age | Feudal Age |
| 8:57 | Build | Stable |
| 8:57 | Create | Spearman |
| 9:04 | Research | Double-Bit Axe |
| 9:22 | Create | Villager (Male) |
| 9:29 | Build | Palisade Wall |
| 9:39 | Build | Palisade Wall |
| 9:41 | Build | House |
| 9:45 | Create | Scout Cavalry |
| 9:45 | Create | Scout Cavalry |
| 10:03 | Create | Villager (Male) |
| 10:49 | Create | Villager (Male) |
| 10:49 | Create | Villager (Male) |
| 11:02 | Build | Palisade Wall |
| 11:09 | Create | Villager (Male) |
| 11:26 | Build | Farm |
| 11:37 | Build | Farm |
| 11:39 | Create | Villager (Male) |
| 11:43 | Build | Farm |
| 11:50 | Build | Farm |
| 11:55 | Create | Spearman |
| 11:56 | Create | Villager (Male) |
| 12:20 | Create | Villager (Male) |
| 12:32 | Create | Villager (Male) |
| 12:35 | Build | House |
| 12:38 | Create | Scout Cavalry |
| 12:38 | Create | Scout Cavalry |
| 12:43 | Build | Farm |
| 12:47 | Create | Villager (Male) |
| 12:53 | Build | Palisade Wall |
| 13:02 | Build | Palisade Wall |
| 13:06 | Create | Scout Cavalry |
| 13:34 | Create | Villager (Male) |
| 13:37 | Build | Farm |
| 13:45 | Create | Scout Cavalry |
| 13:46 | Create | Scout Cavalry |
| 13:50 | Build | Farm |
| 13:52 | Build | Farm |
| 13:57 | Build | Palisade Wall |
| 14:00 | Build | Farm |
| 14:08 | Create | Scout Cavalry |
| 14:13 | Build | Blacksmith |
| 14:27 | Build | Farm |
| 14:27 | Create | Villager (Male) |
| 14:36 | Build | House |
| 14:58 | Build | Farm |
| 14:58 | Create | Villager (Male) |
| 15:19 | Create | Villager (Male) |
| 15:21 | Create | Villager (Male) |
| 15:23 | Create | Villager (Male) |
| 15:41 | Create | Villager (Male) |
| 15:48 | Build | Palisade Gate |
| 15:50 | Create | Villager (Male) |
| 15:56 | Build | Farm |
| 15:57 | Build | Farm |
| 16:02 | Build | Farm |
| 16:17 | Build | Mining Camp |
| 16:26 | Create | Villager (Male) |
| 16:42 | Create | Villager (Male) |
| 16:47 | Create | Villager (Male) |
| 17:01 | Create | Villager (Male) |
| 17:02 | Build | Farm |
| 17:09 | Build | Market |
| 17:30 | Create | Villager (Male) |
| 17:36 | Create | Villager (Male) |
| 18:19 | Research | Castle Age |
| 18:25 | Research | Horse Collar |
| 18:26 | Research | Horse Collar |
| 18:32 | Build | Palisade Gate |
| 18:42 | Research | Gold Mining |
| 19:20 | Build | Lumber Camp |
| 19:25 | Research | Wheelbarrow |
| 19:45 | Build | House |
| 20:15 | Create | Villager (Male) |
| 21:01 | Age | Castle Age |
| 21:12 | Build | Siege Workshop |
| 21:19 | Build | Watch Tower |
| 21:35 | Build | University |
| 21:48 | Research | Fletching |
| 21:54 | Build | Palisade Wall |
| 22:01 | Build | Siege Workshop |
| 22:07 | Build | House |
| 22:28 | Create | Scorpion |
| 22:29 | Create | Scorpion |
| 22:29 | Create | Scorpion |
| 22:38 | Build | Palisade Wall |
| 22:55 | Create | Scorpion |
| 23:00 | Create | Villager (Male) |
| 23:21 | Build | Palisade Wall |
| 23:30 | Create | Villager (Male) |
| 23:46 | Research | Ballistics |
| 23:47 | Create | Villager (Male) |
| 23:58 | Create | Villager (Male) |
| 24:09 | Create | Scorpion |
| 24:17 | Create | Scorpion |
| 24:17 | Create | Scorpion |
| 24:22 | Create | Villager (Male) |
| 24:37 | Research | Bow Saw |
| 24:53 | Create | Villager (Male) |
| 25:11 | Create | Villager (Male) |
| 25:13 | Create | Scorpion |
| 25:14 | Create | Scorpion |
| 25:14 | Create | Scorpion |
| 25:23 | Research | Town Watch |
| 25:31 | Create | Scorpion |
| 25:32 | Create | Scorpion |
| 25:38 | Research | Light Cavalry (upgrade) |
| 25:40 | Research | Bloodlines |
| 25:41 | Build | Farm |
| 26:33 | Create | Villager (Male) |
| 26:46 | Build | Stable |
| 27:08 | Create | Villager (Male) |
| 27:14 | Create | Villager (Male) |
| 27:38 | Research | Scale Barding Armor |
| 27:47 | Build | Stable |
| 27:52 | Build | Farm |
| 27:55 | Create | Scorpion |
| 27:55 | Create | Scorpion |
| 28:01 | Create | Villager (Male) |
| 28:20 | Create | Scout Cavalry |
| 28:20 | Create | Scout Cavalry |
| 28:21 | Create | Scout Cavalry |
Build order — Silence
First 150 of 235 actions detected
| 0:01 | Create | Villager (Male) ×4 |
| 0:02 | Build | House |
| 0:03 | Build | House |
| 1:34 | Create | Villager (Male) |
| 1:50 | Create | Villager (Male) |
| 2:51 | Create | Villager (Male) |
| 2:51 | Create | Villager (Male) |
| 2:53 | Build | Lumber Camp |
| 3:05 | Create | Villager (Male) |
| 3:05 | Create | Villager (Male) |
| 3:46 | Build | House |
| 3:59 | Create | Villager (Male) |
| 3:59 | Create | Villager (Male) |
| 3:59 | Create | Villager (Male) |
| 4:05 | Create | Villager (Male) |
| 4:19 | Create | Villager (Male) |
| 4:19 | Create | Villager (Male) |
| 4:20 | Create | Villager (Male) |
| 4:21 | Create | Villager (Male) |
| 5:45 | Create | Villager (Male) |
| 5:52 | Research | Loom |
| 5:58 | Build | Mill |
| 6:29 | Research | Feudal Age |
| 7:07 | Build | House |
| 7:25 | Build | Barracks |
| 8:46 | Age | Feudal Age |
| 8:48 | Build | Stable |
| 8:53 | Create | Villager (Male) |
| 8:56 | Research | Double-Bit Axe |
| 9:02 | Create | Villager (Male) |
| 9:28 | Build | Mining Camp |
| 9:36 | Create | Scout Cavalry |
| 9:36 | Create | Scout Cavalry |
| 9:36 | Create | Scout Cavalry |
| 9:45 | Create | Villager (Male) |
| 9:45 | Create | Villager (Male) |
| 10:00 | Build | Farm |
| 10:29 | Create | Villager (Male) |
| 10:38 | Build | Farm |
| 10:39 | Create | Villager (Male) |
| 10:45 | Create | Spearman |
| 10:52 | Create | Villager (Male) |
| 10:57 | Build | House |
| 10:59 | Build | House |
| 11:06 | Build | Farm |
| 11:34 | Create | Villager (Male) |
| 11:41 | Build | House |
| 11:43 | Create | Villager (Male) |
| 11:43 | Create | Villager (Male) |
| 12:07 | Create | Villager (Male) |
| 12:11 | Create | Villager (Male) |
| 12:14 | Build | Farm |
| 12:19 | Build | Palisade Wall |
| 12:37 | Build | Farm |
| 12:42 | Create | Villager (Male) |
| 13:05 | Build | Farm |
| 13:10 | Create | Villager (Male) |
| 13:14 | Build | Farm |
| 13:19 | Build | Archery Range |
| 13:36 | Build | Blacksmith |
| 13:46 | Create | Villager (Male) |
| 13:56 | Create | Villager (Male) |
| 14:03 | Build | Farm |
| 14:15 | Build | Farm |
| 14:54 | Build | Farm |
| 14:58 | Build | Farm |
| 15:04 | Build | House |
| 15:05 | Build | Palisade Wall |
| 15:15 | Create | Villager (Male) |
| 15:18 | Build | House |
| 16:16 | Build | Archery Range |
| 16:17 | Build | House |
| 16:26 | Research | Castle Age |
| 16:37 | Create | Spearman |
| 16:56 | Create | Spearman |
| 16:56 | Create | Spearman |
| 17:27 | Build | House |
| 17:42 | Research | Fletching |
| 17:46 | Build | Archery Range |
| 18:27 | Create | Villager (Male) |
| 18:32 | Create | Villager (Male) |
| 19:06 | Age | Castle Age |
| 19:16 | Create | Cavalry Archer |
| 19:17 | Create | Cavalry Archer |
| 19:17 | Create | Cavalry Archer |
| 19:17 | Create | Cavalry Archer |
| 19:23 | Build | Town Center |
| 19:34 | Create | Cavalry Archer |
| 19:39 | Create | Villager (Male) |
| 19:50 | Research | Horse Collar |
| 20:15 | Create | Villager (Male) |
| 20:32 | Create | Cavalry Archer |
| 20:37 | Build | House |
| 20:39 | Build | House |
| 20:55 | Create | Villager (Male) |
| 20:58 | Create | Villager (Male) |
| 21:51 | Build | Town Center |
| 22:00 | Create | Villager (Male) |
| 22:01 | Research | Wheelbarrow |
| 22:03 | Create | Villager (Male) |
| 22:03 | Create | Villager (Male) |
| 22:34 | Create | Villager (Male) |
| 22:35 | Create | Villager (Male) |
| 22:58 | Create | Villager (Male) |
| 23:17 | Create | Villager (Male) |
| 23:26 | Create | Villager (Male) |
| 23:30 | Build | Lumber Camp |
| 23:33 | Research | Town Watch |
| 23:43 | Create | Cavalry Archer |
| 23:43 | Create | Cavalry Archer |
| 23:48 | Build | Blacksmith |
| 24:04 | Create | Villager (Male) |
| 24:15 | Create | Militia |
| 24:27 | Build | Monastery |
| 24:33 | Create | Villager (Male) |
| 24:33 | Create | Villager (Male) |
| 24:41 | Build | Farm |
| 24:41 | Build | Farm |
| 24:42 | Build | Farm |
| 24:42 | Build | Farm |
| 24:42 | Build | Farm |
| 24:43 | Build | Farm |
| 25:07 | Build | Siege Workshop |
| 25:15 | Create | Villager (Male) |
| 25:22 | Create | Monk |
| 25:25 | Build | Farm |
| 25:27 | Build | Farm |
| 25:28 | Build | Farm |
| 25:28 | Build | Farm |
| 25:28 | Build | Farm |
| 25:28 | Build | Farm |
| 25:33 | Create | Villager (Male) |
| 25:33 | Create | Villager (Male) |
| 25:41 | Create | Villager (Male) |
| 25:45 | Build | House |
| 25:46 | Build | House |
| 25:47 | Build | House |
| 26:09 | Create | Cavalry Archer |
| 26:09 | Create | Cavalry Archer |
| 26:14 | Create | Villager (Male) |
| 26:19 | Create | Monk |
| 26:20 | Create | Villager (Male) |
| 26:21 | Create | Mangonel |
| 26:41 | Create | Villager (Male) |
| 26:53 | Create | Villager (Male) |
| 26:53 | Create | Villager (Male) |
| 26:57 | Build | Farm |
| 27:08 | Create | Mangonel |
| 27:09 | Create | Villager (Male) |
| 27:10 | Research | Gold Mining |
Match timeline
| 7:25 | Silence · first_building Barracks |
| 7:37 | HellHammer · first_building Barracks |
| 8:46 | Silence · age_up feudal |
| 8:48 | Silence · first_building Stable |
| 8:55 | HellHammer · age_up feudal |
| 8:57 | HellHammer · first_building Stable |
| 9:29 | HellHammer · wall_segment Palisade Wall x4 |
| 9:39 | HellHammer · wall_segment Palisade Wall x11 |
| 11:02 | HellHammer · wall_segment Palisade Wall x15 |
| 12:19 | Silence · wall_segment Palisade Wall x13 |
| 12:53 | HellHammer · wall_segment Palisade Wall x9 |
| 13:02 | HellHammer · wall_segment Palisade Wall x1 |
| 13:19 | Silence · first_building Archery Range |
| 13:57 | HellHammer · wall_segment Palisade Wall x6 |
| 15:05 | Silence · wall_segment Palisade Wall x1 |
| 18:19 | HellHammer · first_market_sell 100 food |
| 19:06 | Silence · age_up castle |
| 21:01 | HellHammer · age_up castle |
| 21:12 | HellHammer · first_building Siege Workshop |
| 21:54 | HellHammer · wall_segment Palisade Wall x1 |
| 22:38 | HellHammer · wall_segment Palisade Wall x4 |
| 23:05 | HellHammer · first_market_buy 100 wood |
| 23:21 | HellHammer · wall_segment Palisade Wall x4 |
| 24:27 | Silence · first_building Monastery |
| 25:07 | Silence · first_building Siege Workshop |
| 28:36 | Silence · first_building Castle |
| 34:26 | Silence · first_market_buy 100 stone |
| 35:18 | HellHammer · resign |
[ AI ANALYSIS · 1 CREDIT ]
What really happened in this match?
Wolo.gg analyzes every decision: build order, eco, micro, common mistakes by bracket. Personalized analysis on WhatsApp or Discord in 30 seconds.
Civ guide
Slavs
Perfil
Jugador #28567